Map: Dash and Terminal LE (Void)

Players

IIIIIIIIIIII - Winner!

  • Race: Terran Terran
  • League: Master

Javert

  • Race: Zerg Zerg
  • League: Platinum

VOD

Have the link to the VOD?

Description

Time

  • Played on: July 21, 2015, 12:41 a.m.
  • Length: 7:12
Show
View Real Time Build Order
Export as new Build Order

IIIIIIIIIIII Terran - Winner!

Build Orders:  

Get SALT Encoding   

  12  0:03  SCV  
  13  0:15  SCV  
  13  0:20  Supply Depot  
  14  0:27  SCV  
  15  0:41  SCV  
  16  0:43  Barracks  
  16  0:53  SCV  
  17  1:05  SCV  
  18  1:18  SCV  
  19  1:20  Command Center  
  19  1:31  Orbital Command  
  19  1:33  Marine  
  20  1:45  Supply Depot  
  20  1:51  Marine  
  21  1:58  SCV, Refinery  
  21  1:59  Refinery  
  22  2:08  Marine  
  22  2:13  Bunker  
  23  2:16  SCV  
  24  2:26  Marine  
  24  2:28  SCV  
  26  2:33  Orbital Command  
  26  2:41  SCV  
  27  2:46  Factory  
  27  2:51  Barracks Reactor  
  27  2:55  SCV  
  28  2:59  Barracks x2  
  28  3:04  SCV  
  29  3:07  SCV  
  30  3:16  SCV, Engineering Bay  
  30  3:19  SCV  
  32  3:37  Starport  
  32  3:38  SCV x2  
  32  3:40  Barracks Tech Lab  
  34  3:42  Hellion x2  
  38  3:50  SCV  
  40  3:58  Orbital Command  
  40  4:02  Stimpack, Marine  
  34  4:03  Hellion x2  
  36  4:10  Barracks Reactor  
  36  4:16  Viking  
  38  4:18  Supply Depot  
  38  4:23  Marine  
  39  4:30  Hellion  
  39  4:31  Hellion  
  43  4:39  SCV x2, Bunker  
  45  4:46  Barracks Reactor  
  45  4:52  Hellion x2  
  47  5:00  SCV  
  47  5:06  SCV  
  47  5:11  Armory, Starport Reactor  
  47  5:12  SCV, Marine x2  
  47  5:13  Marauder  
  52  5:19  Hellion  
  54  5:21  Supply Depot  
  54  5:29  Supply Depot  
  54  5:30  Supply Depot  
  54  5:42  Marine x4  
  54  5:43  Hellion, Marauder  
  62  5:51  SCV x2  
  64  6:02  Medivac  
  64  6:03  Medivac  
  64  6:04  Marauder, Marine x4  
  74  6:17  Hellion x2  
  78  6:47  Supply Depot  
  78  6:48  Supply Depot  
  78  7:06  Barracks  
Show
View Real Time Build Order
Export as new Build Order

Javert Zerg 

Build Orders: Hatch First 

Get SALT Encoding   

  12  0:01  Drone  
  13  0:14  Overlord  
  13  0:18  Drone  
  14  0:32  Drone x2  
  16  0:38  Drone  
  17  0:54  Hatchery  
  16  0:57  Drone  
  16  0:59  Extractor  
  16  1:01  Drone  
  17  1:09  Drone  
  18  1:21  Spawning Pool  
  18  1:24  Drone  
  18  1:30  Drone  
  19  1:45  Drone  
  20  1:57  Drone  
  21  2:08  Metabolic Boost, Queen  
  21  2:09  Queen  
  21  2:10  Zergling x4  
  27  2:19  Overlord  
  27  2:22  Zergling x2  
  28  2:40  Drone  
  28  2:41  Drone x3  
  32  2:45  Overlord  
  32  2:58  Drone x2  
  32  3:05  Zergling x2  
  35  3:09  Zergling x2  
  36  3:17  Zergling x4  
  38  3:21  Zergling x12  
  38  3:23  Overlord  
  44  3:31  Overlord  
  44  3:46  Zergling x10  
  46  4:07  Drone x9  
  46  4:09  Burrow  
  55  4:14  Extractor  
  54  4:27  Drone x3  
  57  4:33  Drone  
  57  4:36  Extractor  
  57  4:37  Extractor  
  55  4:46  Drone x4  
  56  5:05  Roach Warren  
  56  5:06  Evolution Chamber  
  52  5:17  Lair  
  52  5:19  Hatchery  
  51  5:22  Overlord  
  51  5:23  Baneling Nest  
  50  5:39  Spine Crawler, Queen  
  50  5:51  Drone  
  46  6:16  Overlord  
  46  6:22  Spire  
  46  6:23  Overlord  
  46  6:24  Overlord  
  45  6:46  Overlord x2  
  44  6:48  Drone x18  
  62  6:59  Extractor x2  
Tags
 
Add a new tag
Caveats
  • Supply blocks, unpowered buildings, or Contaminate may cause inaccurate times.
  • Supply counts are checked every 10 seconds.